AoeStats
← TheBoogeyman

Arena

510221773Analyzed
4v4 RM · 2d ago on Sep 30, 2026· 52m 57s· 8 players
Game mode
Random Map
Map size
Large (8 player)
Population
200
Speed
Normal
Resources
Standard
Victory
Conquest
Starting age
Dark Age
Ending age
Imperial Age
RankedLock teamsTeams togetherTeam positionsShared explorationLock speedFull tech treeHidden civsTurbo modeCheats
Victory
Defeat
🇨🇦 Dravidians · Canada
1561
+17
🇭🇰 Spanish · Hong Kong SAR China
1515
+19
🇺🇸 Teutons · United States
1470
+21
🇦🇷 Saracens · Argentina
1379
+23
🇺🇸 Persians · United States
1671
-25
🇺🇸 Bohemians · United States
1664
-23
🇩🇰 Danes · Denmark
1481
-16
🇺🇸 Malay · United States
1477
-16
Dionysus
7:11 Loom
9:10 Feudal Age
10:22 Double-Bit Axe
13:27 Fletching
17:13 Wheelbarrow
20:14 Castle Age
20:57 Bodkin Arrow
21:17 Horse Collar
21:49 Bow Saw
21:41 Guard Tower
30:13 Gold Mining
33:31 Imperial Age
31:34 Town Watch
32:34 Ballistics
34:33 Crenellations
35:18 Chemistry
40:51 Scale Mail Armor
41:03 Forging
41:01 Siege Engineers
41:06 Masonry
41:34 Pikeman
42:15 Squires
44:36 Stone Mining
46:16 Halberdier
46:42 Arson
50:41 Onager
TheBoogeyman
9:36 Feudal Age
13:14 Castle Age
11:39 Double-Bit Axe
11:41 Horse Collar
14:05 Bow Saw
16:06 Man-at-Arms
17:02 Long Swordsman
18:58 Gambesons
19:17 Scale Mail Armor
21:54 Wheelbarrow
22:07 Fletching
40:03 Loom
40:33 Hand Cart
40:42 Gold Mining
41:00 Heavy Plow
46:22 Imperial Age
43:43 Town Watch
44:24 Ballistics
44:01 Bodkin Arrow
44:08 Padded Archer Armor
44:34 Thumb Ring
44:38 Medical Corps
45:56 Elite Skirmisher
46:57 Leather Archer Armor
47:30 Conscription
46:38 Elite Elephant Archer
48:22 Chemistry
47:25 Bracer
48:42 Ring Archer Armor
48:41 Masonry
48:26 Murder Holes
48:42 Fortified Wall
50:03 Hoardings
51:12 Coinage
Abraham
11:23 Feudal Age
15:12 Castle Age
13:08 Double-Bit Axe
15:00 Horse Collar
17:06 Bow Saw
16:54 Loom
19:59 Sanctity
23:13 Stone Mining
25:51 Heavy Plow
27:16 Wheelbarrow
26:46 Loom
29:32 Imperial Age
26:57 Gold Mining
27:34 Bloodlines
28:31 Husbandry
29:24 Gold Shaft Mining
29:27 Forging
29:42 Padded Archer Armor
31:02 Iron Casting
31:23 Conscription
30:24 Elite Mameluke
31:33 Leather Archer Armor
32:31 Counterweights
33:31 Blast Furnace
33:44 Ring Archer Armor
33:34 Fletching
36:07 Chemistry
36:28 Bodkin Arrow
36:56 Ballistics
37:41 Bracer
38:33 Murder Holes
38:48 Masonry
44:03 Scale Barding Armor
43:49 Light Cavalry
44:52 Hussar
45:53 Chain Barding Armor
49:05 Plate Barding Armor
大庆Song
8:16 Loom
11:49 Feudal Age
12:58 Stone Mining
15:22 Castle Age
13:31 Double-Bit Axe
16:05 Horse Collar
24:06 Gold Mining
24:54 Wheelbarrow
25:56 Husbandry
27:38 Bow Saw
28:02 Bloodlines
27:56 Padded Archer Armor
28:16 Heavy Plow
30:10 Leather Archer Armor
33:55 Imperial Age
33:33 Coinage
33:26 Hand Cart
32:58 Town Watch
34:47 Scale Barding Armor
35:04 Conscription
34:28 Cavalier
35:38 Paladin
36:42 Chain Barding Armor
36:04 Light Cavalry
38:05 Plate Barding Armor
37:42 Forging
40:46 Iron Casting
42:04 Two-Man Saw
40:53 Pikeman
42:42 Blast Furnace
42:14 Ring Archer Armor
42:35 Squires
43:04 Hussar
48:37 Caravan
49:55 Fletching
Almost600
11:03 Feudal Age
14:58 Castle Age
19:27 Forging
19:17 Loom
22:22 Horse Collar
25:31 Wheelbarrow
26:11 Double-Bit Axe
26:29 Heavy Plow
26:32 Gold Mining
33:46 Imperial Age
31:32 Fletching
32:51 Hand Cart
32:24 Town Watch
32:36 Bodkin Arrow
33:21 Ballistics
34:21 Chemistry
33:05 Crossbowman
34:30 Bracer
34:52 Thumb Ring
35:02 Arbalester
35:52 Padded Archer Armor
36:08 Masonry
36:53 Leather Archer Armor
37:33 Conscription
37:48 Siege Engineers
39:08 Ring Archer Armor
42:08 Coinage
42:23 Treadmill Crane
47:23 Elite Skirmisher
Thundernips, The Ultimate Gigolo
10:28 Feudal Age
11:27 Double-Bit Axe
14:23 Castle Age
12:14 Horse Collar
15:13 Bow Saw
15:06 Heavy Plow
16:21 Scale Barding Armor
16:38 Husbandry
17:27 Forging
21:10 Wheelbarrow
22:44 Chain Barding Armor
26:55 Imperial Age
25:37 Hand Cart
26:27 Bow Saw
27:20 Bloodlines
27:08 Gold Mining
28:09 Crop Rotation
28:44 Two-Man Saw
28:46 Gold Shaft Mining
29:29 Chemistry
30:35 Loom
33:04 Plate Barding Armor
33:17 Iron Casting
32:04 Cavalier
36:26 Blast Furnace
36:13 Fletching
36:45 Ballistics
36:36 Masonry
36:24 Murder Holes
39:33 Savar
40:50 Kamandaran
41:06 Bodkin Arrow
41:42 Architecture
41:17 Crossbowman
42:34 Guilds
42:56 Thumb Ring
43:58 Coinage
43:59 Conscription
43:59 Padded Archer Armor
45:35 Banking
46:57 Leather Archer Armor
48:08 Ring Archer Armor
47:41 Pikeman
49:23 Hoardings
49:15 Conscription
48:58 Sappers
50:26 Halberdier
51:06 Squires
51:45 Scale Mail Armor
caterpie
9:33 Loom
11:41 Feudal Age
15:52 Castle Age
14:35 Double-Bit Axe
15:57 Horse Collar
17:32 Bow Saw
21:35 Wheelbarrow
29:35 Heavy Plow
30:23 Fletching
32:10 Fervor
38:51 Imperial Age
37:09 Hand Cart
37:23 Ballistics
38:03 Chemistry
38:16 Padded Archer Armor
38:35 Bodkin Arrow
38:28 Crossbowman
39:38 Bracer
39:16 Arbalester
45:25 Leather Archer Armor
45:18 Wagenburg Tactics
48:04 Siege Engineers
47:51 Elite Skirmisher
50:24 Ring Archer Armor
Lord Longshaft
11:34 Feudal Age
12:53 Double-Bit Axe
15:24 Castle Age
13:16 Horse Collar
16:30 Bow Saw
18:54 Squires
19:59 Arson
23:33 Stone Mining
24:06 Scale Mail Armor
26:48 Wheelbarrow
26:53 Chain Mail Armor
28:13 Loom
29:40 Gold Mining
30:08 Hand Cart
30:02 Padded Archer Armor
30:51 Ballistics
33:28 Imperial Age
31:00 Fletching
32:14 Bodkin Arrow
32:34 Leather Archer Armor
32:52 Husbandry
34:02 Gold Shaft Mining
33:47 Thumb Ring
34:28 Bloodlines
35:34 Chemistry
33:58 Cranequins
35:51 Bracer
35:58 Heavy Mounted Crossbowman
38:01 Ring Archer Armor
37:57 Elite Skirmisher
39:01 Scale Barding Armor
39:28 Plate Mail Armor
39:09 Forging
38:23 Elite Varangian Guard
38:49 Gambesons
39:48 Conscription
40:11 Pikeman
42:16 Iron Casting
41:10 Hamask
41:53 Halberdier
44:04 Blast Furnace
44:39 Coinage
45:41 Banking
47:04 Stone Shaft Mining
51:39 Masonry
51:31 Murder Holes
Connection lost

Rejoining the realm…

Still unreachable

The connection could not be restored.

Session expired

The server has moved on; the page needs a fresh start.